 Dungeon Crawl Stone Soup version 0.31.0-12-g77e489cdc1 (webtiles) character file.

Game seed: 7719847885192905725

39 BlackCrag the Digger (level 3, 0/19 HPs)
             Began as a Deep Elf Earth Elementalist on Mar 7, 2024.
             Slain by Robin
             ... wielding a +0 whip
              (6 damage)
             ... on level 2 of the Dungeon.
             The game lasted 00:03:52 (1247 turns).

BlackCrag the Digger (Deep Elf Earth Elementalist)  Turns: 1247, Time: 00:03:55

Health: 0/19       AC:  2    Str:  5    XL:     3   Next: 28%
Magic:  4/10       EV: 12    Int: 27    God:
Gold:   48         SH:  0    Dex: 15    Spells: 8/9 levels left

rFire   . . .        i - +1 sling (elec)
rCold   . . .        (no shield)
rNeg    . . .        a - +0 robe
rPois   .            (no helmet)
rElec   .            (no cloak)
rCorr   .            (no gloves)
SInv    .            (no boots)
Will    .....        (no amulet)
Stlth   ++           h - +6 ring of intelligence
HPRegen 0.23/turn    (no ring)
MPRegen 0.12/turn

%: no passive effects
@: no status effects
A: no striking features
a: no special abilities


You were on level 2 of the Dungeon.
You visited 1 branch of the dungeon, and saw 2 of its levels.

You collected 48 gold pieces.

Inventory:

Hand Weapons
 c - a +0 dagger
 i - a +1 sling of electrocution (weapon)
Armour
 a - a +0 robe (worn)
Jewellery
 g - an amulet of faith
 h - a +6 ring of intelligence (left hand)
Scrolls
 d - a scroll of noise {unknown}
 e - a scroll of brand weapon {unknown}
 f - a scroll of silence {unknown}
 j - a scroll of immolation {unknown}
 k - a scroll of blinking {unknown}
Potions
 b - a potion of magic


   Skills:
 + Level 2.4 Dodging
 + Level 3.1 Stealth
 * Level 3.8 Spellcasting
 * Level 1.4 Conjurations
 * Level 3.9 Earth Magic


You had 8 spell levels left.
You knew the following spells:

 Your Spells              Type           Power      Damage    Failure   Level
a - Sandblast             Erth           52%        2d12      1%          1

Your spell library contained the following spells:

 Spells                   Type           Power      Damage    Failure   Level
 Passwall                 Erth           26%        N/A       4%          3
 Stone Arrow              Conj/Erth      38%        3d9       8%          3
 Brom's Barrelling Bould  Conj/Erth      19%        2d4       26%         4
 Petrify                  Alch/Erth      15%        N/A       34%         4


Dungeon Overview and Level Annotations

Branches:
Dungeon (2/15)

Altars:

Annotations:
D:2 Robin


Message History

Aiming: Sandblast (safe; 1% risk of failure)
Press: ? - help, Shift-Dir - straight line, f - goblin
Aim: a goblin, wielding a +0 dagger (strong, 79% to hit)
The blast of sand misses the goblin.
The blast of sand hits Robin.
Robin is moderately wounded.
The goblin shouts!
Unknown command.
The goblin attacks as it pursues you! The goblin hits you with a +0 dagger.
Robin throws the goblin at you!
The goblin unwields a +0 sling.
The goblin wields a +0 club.
The goblin hits you with a +0 club.
The goblin unwields a +0 club.
The goblin wields a +0 sling.
The goblin shoots a sling bullet.
The sling bullet misses you.
Casting: Sandblast (safe; 1% risk of failure)
Confirm with . or Enter, or press ? or * to list all spells.
Aiming: Sandblast (safe; 1% risk of failure)
Press: ? - help, Shift-Dir - straight line, f/p - goblin
Aim: a goblin, wielding a +0 dagger (strong, 79% to hit)
The blast of sand hits the goblin!
You kill the goblin!
Casting: Sandblast (safe; 1% risk of failure)
Confirm with . or Enter, or press ? or * to list all spells.
Aiming: Sandblast (safe; 1% risk of failure)
Press: ? - help, Shift-Dir - straight line, f/p - goblin
Aim: a goblin, wielding a +0 dagger (strong, 79% to hit)
The blast of sand hits the goblin!
You kill the goblin!
The goblin no longer looks unusually strong.
Robin's horned helmet rattles.
Robin throws the goblin at you!
The goblin unwields a +0 sling.
The goblin wields a +0 club.
The goblin barely misses you.
Casting: Sandblast (safe; 1% risk of failure)
Confirm with . or Enter, or press ? or * to list all spells.
Aiming: Sandblast (safe; 1% risk of failure)
Press: ? - help, Shift-Dir - straight line, f - goblin
Aim: a goblin, wielding a +0 club (strong, 79% to hit)
The blast of sand hits the goblin!
You kill the goblin!
Robin hits you with a +0 whip.
You die...
Robin calls out, "Let's celebrate!
Time for a feast!"

.. #g)#.#..#.....
...#.).......>.## ..
...#..)...............
.....†.#.......# .....
.......#.......###...##+
.......#.......##.......
........ggg............
.......#g#.#.†.......#
##+###.#@#.#.........#
..
........)..........###..
.....##+#.#......#.#....
.... ...##...#.#.#.#..
... ..................
## .....##...........#
.... ##.....#.#.#.. .
...............
.###.#.##......


You could see Robin, a hobgoblin (strong) and a goblin.

Vanquished Creatures
  An adder (D:2)
  A ribbon worm (D:2)
  A bat (D:2)
  4 endoplasms
  9 goblins
  3 hobgoblins
  A kobold (D:2)
  A quokka (D:1)
  A ball python (D:2)
  3 rats (D:2)
25 creatures vanquished.

Notes
Turn   | Place    | Note
-------+----------+-------------------------------------------
     0 | D:1      | BlackCrag the Deep Elf Earth Elementalist began the quest
                  | for the Orb.
     0 | D:1      | Reached XP level 1. HP: 10/10 MP: 6/6
   504 | D:1      | Reached XP level 2. HP: 15/15 MP: 6/8
  1220 | D:2      | Reached XP level 3. HP: 19/19 MP: 10/10
  1235 | D:2      | Noticed Robin
  1247 | D:2      | Slain by Robin

Illustrated notes

Levels and vault maps discovered:
D:1:      tarquinn_simple_flora_water_a, layout_basic, feat_on_display
D:2:      layout_basic, basic_altar, chequers_big_river, kennysheep_nondescript,
          uniq_natasha, uniq_robin

Skill      XL: |  1  2 |
---------------+-------+-----
Stealth        | 3 |  3.1
Dodging        | |  2.4
Spellcasting   | |  3.8
Conjurations   | |  1.4
Earth Magic    | |  3.9

Action                     || total
---------------------------++-------
   Fire: Sling             ||     7
   Cast: Sandblast         ||    31
 Armour: Robe              ||     6
  Dodge: Dodged            ||     5
